MWL (24 & UNDER)
EVANSTON ELITISTS @ LITTLE ROCK LEMMIWINKS
07/18/2030
 
TOP OF THE 1ST
Evanston Elitists batting - Pitching for Little Rock Lemmiwinks : RHP Muneyaki Nakamura
Pitching: RHP Muneyaki Nakamura
Batting: SHB Troy Abreu 0-0: Ball
1-0: Ball
2-0: Called Strike
2-1: Ball
3-1: Called Strike
3-2: Foul Ball, location: 2F
3-2: Base on Balls
Batting: RHB Zhong-xian Pai 0-0: Ball
1-0: Called Strike
1-1: Ball
2-1: Fly out, F4 (Popup, 4MD)
Batting: RHB Greg Nichols 0-0: Ball
Troy Abreu is caught stealing 2nd base
1-0: Ball
2-0: Called Strike
2-1: Fly out, F3 (Popup, 3S)
Top of the 1st over - 0 runs, 0 hits, 0 errors, 0 left on base; Evanston 0 - Little Rock 0
BOTTOM OF THE 1ST
Little Rock Lemmiwinks batting - Pitching for Evanston Elitists : RHP Jesús Cervantes
Pitching: RHP Jesús Cervantes
Batting: LHB Cisco Salazar 0-0: Ball
1-0: Ball
2-0: Called Strike
2-1: Ground out 6-3 (Groundball, 6S)
Batting: LHB Horace Kramer 0-0: Bunted foul
0-1: Swinging Strike
0-2: Strikes out swinging
Batting: RHB Kokaji Ridha 0-0: Called Strike
0-1: Ball
1-1: SINGLE (Groundball, 6MD)
Batting: RHB Roberto Valdéz 0-0: Ball
1-0: Swinging Strike
1-1: Swinging Strike
1-2: Ball
2-2: Strikes out swinging
Bottom of the 1st over - 0 runs, 1 hit, 0 errors, 1 left on base; Evanston 0 - Little Rock 0
TOP OF THE 2ND
Evanston Elitists batting - Pitching for Little Rock Lemmiwinks : RHP Muneyaki Nakamura
Batting: RHB Cristóbal Calderón 0-0: Foul Ball, location: 2F
0-1: SINGLE (Groundball, 6MD)
Batting: RHB Troy Johnson 0-0: Ball
1-0: Ball
2-0: Ball
3-0: Base on Balls
Cristóbal Calderón to second
Batting: LHB Jean-Sébastien Beaudin 0-0: Ball
1-0: Foul Ball, location: 2F
1-1: Ball
2-1: Fly out, F8 (Flyball, 8LD)
Batting: SHB Claas van der Kuijl 0-0: Ball
1-0: Ball
2-0: Called Strike
2-1: Ball
3-1: Base on Balls
Cristóbal Calderón to third
Troy Johnson to second
Batting: RHB Joe Farrell 0-0: Ball
1-0: Called Strike
1-1: Foul Ball, location: 2F
1-2: Strikes out looking
Batting: RHB Bruce Adams 0-0: Swinging Strike
0-1: Swinging Strike
0-2: Ball
1-2: Strikes out swinging
Top of the 2nd over - 0 runs, 1 hit, 0 errors, 3 left on base; Evanston 0 - Little Rock 0
BOTTOM OF THE 2ND
Little Rock Lemmiwinks batting - Pitching for Evanston Elitists : RHP Jesús Cervantes
Batting: RHB Ánibal Soto 0-0: Called Strike
0-1: Foul Ball, location: 2F
0-2: Ball
1-2: Fly out, F6 (Line Drive, 6)
Batting: RHB Júlio Colón 0-0: Swinging Strike
0-1: Fly out, F8 (Flyball, 8LD)
Batting: LHB Manny Robles 0-0: Called Strike
0-1: Called Strike
0-2: Foul Ball, location: 2F
0-2: Foul Ball, location: 2F
0-2: Strikes out looking
Bottom of the 2nd over - 0 runs, 0 hits, 0 errors, 0 left on base; Evanston 0 - Little Rock 0
TOP OF THE 3RD
Evanston Elitists batting - Pitching for Little Rock Lemmiwinks : RHP Muneyaki Nakamura
Batting: SHB Troy Abreu 0-0: Foul Ball, location: 2F
0-1: Called Strike
0-2: Strikes out swinging
Batting: RHB Zhong-xian Pai 0-0: SINGLE (Line Drive, 8RS)
Batting: RHB Greg Nichols 0-0: Ball
1-0: Foul Ball, location: 2F
1-1: Ball
Zhong-xian Pai steals 2nd base
2-1: Called Strike
2-2: Ball
3-2: Strikes out looking
Batting: RHB Cristóbal Calderón 0-0: Called Strike
0-1: Foul Ball, location: 2F
0-2: Ball
1-2: Ground out 4-3 (Groundball, 4)
Top of the 3rd over - 0 runs, 1 hit, 0 errors, 1 left on base; Evanston 0 - Little Rock 0
BOTTOM OF THE 3RD
Little Rock Lemmiwinks batting - Pitching for Evanston Elitists : RHP Jesús Cervantes
Batting: RHB José Rodríguez 0-0: Ball
1-0: Called Strike
1-1: Ball
2-1: Swinging Strike
2-2: Strikes out swinging
Batting: RHB Norberto Gallardo 0-0: Foul Ball, location: 2F
0-1: Ball
1-1: Ball
2-1: TRIPLE (Line Drive, 8LXD)
Batting: LHB Cisco Salazar 0-0: Ground out 6-3 (Groundball, 6)
Norberto Gallardo scores
Batting: LHB Horace Kramer 0-0: Ball
1-0: Ball
2-0: Called Strike
2-1: Ball
3-1: Base on Balls
Batting: RHB Kokaji Ridha 0-0: Ball
1-0: Called Strike
1-1: Foul Ball, location: 2F
1-2: Ball
2-2: Ball
3-2: TRIPLE (Line Drive, 8LXD)
Horace Kramer scores
Batting: RHB Roberto Valdéz 0-0: Called Strike
0-1: SINGLE (Line Drive, 78S)
Kokaji Ridha scores
Batting: RHB Ánibal Soto 0-0: Foul Ball, location: 2F
0-1: Foul Ball, location: 2F
0-2: Ball
1-2: Ball
2-2: Foul Ball, location: 2F
2-2: SINGLE (Groundball, 56D)
Roberto Valdéz to second
Batting: RHB Júlio Colón 0-0: Ball
1-0: Ball
2-0: Foul Ball, location: 2F
2-1: Called Strike
2-2: Strikes out swinging
Bottom of the 3rd over - 3 runs, 4 hits, 0 errors, 2 left on base; Evanston 0 - Little Rock 3
TOP OF THE 4TH
Evanston Elitists batting - Pitching for Little Rock Lemmiwinks : RHP Muneyaki Nakamura
Batting: RHB Troy Johnson 0-0: Ball
1-0: Called Strike
1-1: Called Strike
1-2: SINGLE (Groundball, 4D)
Batting: LHB Jean-Sébastien Beaudin 0-0: Ball
1-0: Ball
2-0: Ball
3-0: Base on Balls
Troy Johnson to second
Batting: SHB Claas van der Kuijl 0-0: Fly out, F8 (Flyball, 8LM)
Batting: RHB Joe Farrell 0-0: Ball
1-0: Fielders Choice at 2nd, 4-6 (Groundball, 4)
Troy Johnson to third
Batting: RHB Bruce Adams 0-0: Fly out, F9 (Flyball, 9)
Top of the 4th over - 0 runs, 1 hit, 0 errors, 2 left on base; Evanston 0 - Little Rock 3
BOTTOM OF THE 4TH
Little Rock Lemmiwinks batting - Pitching for Evanston Elitists : RHP Jesús Cervantes
Batting: LHB Manny Robles 0-0: Ground out 6-3 (Groundball, 6S)
Batting: RHB José Rodríguez 0-0: Ball
1-0: Fly out, F6 (Line Drive, 6M)
Batting: RHB Norberto Gallardo 0-0: Foul Ball, location: 2F
0-1: Foul Ball, location: 2F
0-2: Ball
1-2: Strikes out swinging
Bottom of the 4th over - 0 runs, 0 hits, 0 errors, 0 left on base; Evanston 0 - Little Rock 3
TOP OF THE 5TH
Evanston Elitists batting - Pitching for Little Rock Lemmiwinks : RHP Muneyaki Nakamura
Batting: SHB Troy Abreu 0-0: DOUBLE (Groundball, 5L)
Batting: RHB Zhong-xian Pai 0-0: Swinging Strike
0-1: Ball
1-1: Fly out, F7 (Flyball, 7S)
Batting: RHB Greg Nichols 0-0: Ball
1-0: SINGLE (Line Drive, 89S)
Troy Abreu to third
Batting: RHB Cristóbal Calderón 0-0: Called Strike
0-1: Fielders Choice at 2nd, 5-4 (Groundball, 5)
Troy Abreu scores
Batting: RHB Troy Johnson 0-0: Ball
Cristóbal Calderón is caught stealing 2nd base
Top of the 5th over - 1 run, 2 hits, 0 errors, 0 left on base; Evanston 1 - Little Rock 3
BOTTOM OF THE 5TH
Little Rock Lemmiwinks batting - Pitching for Evanston Elitists : RHP Jesús Cervantes
Batting: LHB Cisco Salazar 0-0: Called Strike
0-1: Foul Ball, location: 2F
0-2: Ball
1-2: Foul Ball, location: 2F
1-2: Foul Ball, location: 2F
1-2: Strikes out swinging
Batting: LHB Horace Kramer 0-0: Ball
1-0: Called Strike
1-1: Ball
2-1: Foul Ball, location: 2F
2-2: Foul Ball, location: 2F
2-2: Foul Ball, location: 2F
2-2: Ball
3-2: Fly out, F7 (Flyball, 78S)
Batting: RHB Kokaji Ridha 0-0: Called Strike
0-1: Foul Ball, location: 2F
0-2: Strikes out swinging
Bottom of the 5th over - 0 runs, 0 hits, 0 errors, 0 left on base; Evanston 1 - Little Rock 3
TOP OF THE 6TH
Evanston Elitists batting - Pitching for Little Rock Lemmiwinks : RHP Muneyaki Nakamura
Batting: RHB Troy Johnson 0-0: Called Strike
0-1: Ball
1-1: Ball
2-1: Ground out 5-3 (Groundball, 56)
Batting: LHB Jean-Sébastien Beaudin 0-0: Ball
1-0: Ball
2-0: Called Strike
2-1: SINGLE (Flyball, 9LM)
Batting: SHB Claas van der Kuijl 0-0: Called Strike
0-1: Called Strike
0-2: Ball
1-2: Ball
2-2: Strikes out swinging
Batting: RHB Joe Farrell 0-0: Fly out, F8 (Flyball, 8RM)
Top of the 6th over - 0 runs, 1 hit, 0 errors, 1 left on base; Evanston 1 - Little Rock 3
BOTTOM OF THE 6TH
Little Rock Lemmiwinks batting - Pitching for Evanston Elitists : RHP Jesús Cervantes
Pitching: RHP Jim Dorsey
Batting: RHB Roberto Valdéz 0-0: Called Strike
0-1: Ball
1-1: Called Strike
1-2: Ball
2-2: Fly out, F8 (Flyball, 8LM)
Batting: RHB Ánibal Soto 0-0: Fly out, F9 (Flyball, 9D)
Batting: RHB Júlio Colón 0-0: Single, Error in OF, E8, batter to second base
Batting: LHB Manny Robles 0-0: Ball
1-0: Called Strike
1-1: Ground out U3 (Groundball, 3)
Bottom of the 6th over - 0 runs, 1 hit, 1 error, 1 left on base; Evanston 1 - Little Rock 3
TOP OF THE 7TH
Evanston Elitists batting - Pitching for Little Rock Lemmiwinks : RHP Muneyaki Nakamura
Pitching: RHP Shawn Moore
Batting: RHB Bruce Adams 0-0: Called Strike
0-1: Ball
1-1: Called Strike
1-2: Ground out 6-3 (Groundball, 6MS)
Batting: SHB Troy Abreu 0-0: Ball
1-0: Ball
2-0: Ball
3-0: Called Strike
3-1: Base on Balls
Batting: RHB Zhong-xian Pai 0-0: Called Strike
0-1: Ball
Troy Abreu steals 2nd base
1-1: Swinging Strike
1-2: Foul Ball, location: 2F
1-2: Strikes out swinging
Batting: RHB Greg Nichols 0-0: Called Strike
0-1: Ball
1-1: Foul Ball, location: 2F
1-2: Strikes out looking
Top of the 7th over - 0 runs, 0 hits, 0 errors, 1 left on base; Evanston 1 - Little Rock 3
BOTTOM OF THE 7TH
Little Rock Lemmiwinks batting - Pitching for Evanston Elitists : RHP Jim Dorsey
Batting: RHB José Rodríguez 0-0: Ground out 6-3 (Groundball, 6)
Batting: RHB Norberto Gallardo 0-0: Ball
1-0: Called Strike
1-1: Ball
2-1: Ball
3-1: Base on Balls
Batting: LHB Cisco Salazar 0-0: Ball
1-0: Ball
2-0: Fielders Choice at 2nd, 4-6 (Groundball, 4M)
Batting: LHB Horace Kramer 0-0: Ball
1-0: Ball
2-0: Foul Ball, location: 2F
2-1: Ball
3-1: Called Strike
3-2: Strikes out looking
Bottom of the 7th over - 0 runs, 0 hits, 0 errors, 1 left on base; Evanston 1 - Little Rock 3
TOP OF THE 8TH
Evanston Elitists batting - Pitching for Little Rock Lemmiwinks : RHP Shawn Moore
Now in LF: Álex Ochoa
Batting: RHB Cristóbal Calderón 0-0: Called Strike
0-1: Ball
1-1: Ball
2-1: Ball
3-1: Base on Balls
Batting: RHB Troy Johnson 0-0: Ball
1-0: Grounds into double play, 5-4-3 (Groundball, 56)
Batting: LHB Jean-Sébastien Beaudin 0-0: Ball
1-0: Swinging Strike
1-1: Ball
2-1: Ball
3-1: Base on Balls
Batting: SHB Claas van der Kuijl 0-0: Ball
1-0: Foul Ball, location: 2F
1-1: Ball
2-1: Ball
3-1: Base on Balls
Jean-Sébastien Beaudin to second
Batting: RHB Joe Farrell 0-0: Ball
1-0: Called Strike
1-1: Foul Ball, location: 2F
1-2: Ball
2-2: Foul Ball, location: 2F
2-2: Foul Ball, location: 2F
2-2: Ball
3-2: SINGLE (Line Drive, 89S)
Jean-Sébastien Beaudin to third
Claas van der Kuijl to second
Jean-Sébastien Beaudin scores
Claas van der Kuijl to third
Pinch Hitting: RHB Ed Gaston 0-0: Called Strike
Pickoff Throw by Catcher to First - Out!
Top of the 8th over - 1 run, 1 hit, 0 errors, 1 left on base; Evanston 2 - Little Rock 3
BOTTOM OF THE 8TH
Little Rock Lemmiwinks batting - Pitching for Evanston Elitists : RHP Jim Dorsey
Now at 3B: Ed Gaston
Batting: RHB Kokaji Ridha 0-0: SINGLE (Flyball, 8RS)
Batting: RHB Roberto Valdéz 0-0: Foul Ball, location: 2F
0-1: Ball
1-1: Swinging Strike
1-2: Strikes out looking
Batting: RHB Ánibal Soto 0-0: Ball
1-0: SINGLE (Line Drive, 4D)
Kokaji Ridha to second
Batting: RHB Júlio Colón 0-0: Ball
1-0: Ball
2-0: Ball
3-0: Swinging Strike
3-1: Base on Balls
Kokaji Ridha to third
Ánibal Soto to second
Batting: LHB Manny Robles 0-0: Called Strike
0-1: Ball
1-1: Ball
2-1: Called Strike
2-2: Strikes out swinging
Pinch Hitting: LHB Pablo Alvarado 0-0: Ball
1-0: Swinging Strike
1-1: Fly out, F8 (Flyball, 89XD)
Bottom of the 8th over - 0 runs, 2 hits, 0 errors, 3 left on base; Evanston 2 - Little Rock 3
TOP OF THE 9TH
Evanston Elitists batting - Pitching for Little Rock Lemmiwinks : RHP Shawn Moore
Now at 3B: Carlos Estrada
Batting: RHB Ed Gaston 0-0: Called Strike
0-1: Called Strike
0-2: Foul Ball, location: 2F
0-2: Ball
1-2: Ball
2-2: Foul Ball, location: 2F
2-2: SINGLE (Line Drive, 89S)
Batting: SHB Troy Abreu 0-0: Called Strike
0-1: Foul Ball, location: 2F
0-2: Strikes out looking
Batting: RHB Zhong-xian Pai 0-0: DOUBLE (Groundball, 5L)
Ed Gaston to third
Batting: RHB Greg Nichols 0-0: Fly out, F7 (Flyball, 78D)
Runner from 3rd tags up, OUT at HOME
Top of the 9th over - 0 runs, 2 hits, 0 errors, 1 left on base; Evanston 2 - Little Rock 3
Saturday, April 7th, 2018 - OOTP Baseball 18.8 Build 76